 Dungeon Crawl Stone Soup version 0.25-a0-591-g2ad0d86 (webtiles) character file.

Game seed: 6350631351494310293, levelgen mode: deterministic

14 Faca the Shield-Bearer (level 2, -4/28 HPs)
             Began as a Deep Dwarf Fighter on Mar 14, 2020.
             Was a Plaything of Xom.
             Slain by a fire vortex (16 damage)
             ... summoned by the capriciousness of Xom
             ... on level 1 of the Dungeon.
             The game lasted 00:01:24 (228 turns).

Faca the Shield-Bearer (Deep Dwarf Fighter)          Turns: 228, Time: 00:01:24

Health: -4/28      AC: 10    Str: 19    XL:     2   Next: 27%
Magic:  2/2        EV:  7    Int:  8    God:    Xom [*.....]
Gold:   0          SH:  9    Dex: 12    Spells: 1/1 levels left

rFire    . . .     SeeInvis .   i - +0 hand axe
rCold    . . .     Gourm    .   c - +0 kite shield
rNeg     . . .     Faith    .   b - +0 scale mail
rPois    .         Spirit   .   (no helmet)
rElec    .         Reflect  .   (no cloak)
rCorr    .         Harm     .   (no gloves)
MR       .....                  (no boots)
Stlth    ..........             (no amulet)
HPRegen  0.00/turn              j - +4 ring of protection
MPRegen  0.08/turn              (no ring)

@: non-regenerating
A: damage resistance, heal wounds, sense surroundings 1, no regeneration
a: Heal Wounds, Renounce Religion


You were on level 1 of the Dungeon.
You worshipped Xom.
You were a special plaything of Xom.
You were not hungry.

You visited 1 branch of the dungeon, and saw 1 of its levels.

Inventory:

Hand Weapons
 a - a +0 war axe
 i - a +0 hand axe (weapon)
Armour
 b - a +0 scale mail (worn)
 c - a +0 kite shield (worn)
Jewellery
 j - a +4 ring of protection (left hand)
Scrolls
 e - a scroll of identify {unknown}
 h - a scroll of enchant armour {unknown}
 l - a scroll of noise {unknown}
Potions
 d - a potion of might
 g - a potion of flight {unknown}
 k - a potion of haste {unknown}
Comestibles
 f - a ration


   Skills:
 + Level 3.0 Fighting
 + Level 2.8 Axes
 - Level 3.2 Armour
 - Level 3.2 Shields


You had one spell level left.
You didn't know any spells.
Your spell library was empty.

Dungeon Overview and Level Annotations

Branches:
Dungeon (1/15)

Altars:
Xom


Innate Abilities, Weirdness & Mutations

You are resistant to damage.
You can heal yourself by infusing magical energy.
You passively map a small area around you.
You do not regenerate.


Message History

You kill the dart slug!
No target in view!
No target in view!
You hear Xom's maniacal laughter.
Fire whirls out from your elbows!
You are now a special plaything of Xom. 2 fire vortices come into view.
You hit the fire vortex.
The fire vortex is lightly damaged.
You hit the fire vortex. The fire vortex closely misses you.
You slash the fire vortex!
The fire vortex is moderately damaged.
You hit the fire vortex. The fire vortex hits you. The fire vortex burns you!
Ouch! That really hurt!
The fire vortex dissipates!
You fail to use your ability.
The fire vortex hits you. The fire vortex burns you!
Ouch! That really hurt!
You die...

,.....................#
####.##.#####.#†######
#.##.# #.#.#
#.##.#####.#.#
#.##.#.....#.# #.
#.#.#####.### #.#.#
..v# , #.#.#######.# *
#..@......# ,
########### , , * * , ,
* * * ,* * *


There were no monsters in sight!

Vanquished Creatures
  A dart slug (D:1)
  A bat (D:1)
  A giant cockroach (D:1)
  2 goblins (D:1)
  2 hobgoblins (D:1)
  3 kobolds (D:1)
10 creatures vanquished.

Vanquished Creatures (others)
  A fire vortex (D:1)
1 creature vanquished.

Grand Total: 11 creatures vanquished

Notes
Turn   | Place    | Note
-------+----------+-------------------------------------------
     0 | D:1      | Faca the Deep Dwarf Fighter began the quest for the Orb.
     0 | D:1      | Reached XP level 1. HP: 20/20 MP: 1/1
   101 | D:1      | Found a shimmering altar of Xom.
   113 | D:1      | Became a worshipper of Xom of Chaos
   151 | D:1      | Reached XP level 2. HP: 28/28 MP: 2/2
   161 | D:1      | XOM: harmless Summ miscast
   218 | D:1      | XOM: mild Fire miscast
   228 | D:1      | Slain by a fire vortex

Levels and vault maps discovered:
D:1:      heliophobic_arrival_enchanted_forest, layout_basic, minivault_11,
          xom_teletrap_fun

Skill      XL: |  1 |
---------------+----+-----
Fighting       | 3 |  3.0
Axes           | |  2.8
Armour         | |  3.2
Shields        | |  3.2

Action                   || total
-------------------------++-------
Melee: War axe           ||    11
       Hand axe          ||    15
Armor: Scale mail        ||     7
Dodge: Dodged            ||    10
Block: Kite shield       ||    13

Table legend:
 A = Non-vault XP
 B = Vault XP
 C = Vault XP percentage of total XP
 D = Non-vault monster count
 E = Vault monster count
 F = Vault count percentage of total count
                 A         B        C        D         E       F
            +---------+---------+-------+---------+---------+-------
      Total |      20 |       0 |   0.0 |      10 |       0 |   0.0
            +---------+---------+-------+---------+---------+-------
        D:1 |      20 |       0 |   0.0 |      10 |       0 |   0.0
            +---------+---------+-------+---------+---------+-------
